AoeStats
← OrcoDues

Nomad

510155317Analyzed
4v4 RM · 1d ago on Sep 29, 2026· 26m 25s· 8 players
Game mode
Random Map
Map size
231×231
Population
200
Speed
Normal
Resources
Standard
Victory
Conquest
Starting age
Dark Age
Ending age
Imperial Age
RankedLock teamsTeams togetherTeam positionsShared explorationLock speedFull tech treeHidden civsTurbo modeCheats
Victory
Defeat
🇩🇪 Japanese · Germany
1249
+13
🇮🇹 Vietnamese · Italy
1236
+14
🇺🇦 Malay · Ukraine
1216
+14
🇺🇸 Khitans · United States
1183
+15
🇨🇭 Italians · Switzerland
1206
-15
🇮🇹 Huns · Italy
1187
-14
🇮🇹 Spanish · Italy
1173
-14
🇮🇹 Berbers · Italy
1155
-13
Bubble Formation
7:51 Loom
13:27 Feudal Age
16:11 Double-Bit Axe
20:32 Castle Age
18:26 Fletching
18:39 Fishing Lines
19:40 Padded Archer Armor
19:58 Domestication
20:55 Heavy Cavalry Archer
24:17 Thumb Ring
26:14 Bodkin Arrow
only_mousee
3:36 Loom
15:09 Feudal Age
18:33 Castle Age
18:12 Scale Barding Armor
SNOWMAN
10:26 Loom
13:31 Feudal Age
14:14 Double-Bit Axe
14:33 Fishing Lines
15:48 Fletching
22:08 Castle Age
23:04 Bodkin Arrow
24:12 Crossbowman
venOm
7:22 Loom
13:04 Feudal Age
18:16 Castle Age
17:20 Stone Mining
18:34 Double-Bit Axe
20:12 Scale Mail Armor
19:58 Fishing Lines
20:49 Bow Saw
Aztecus
9:05 Loom
13:42 Feudal Age
14:51 Double-Bit Axe
17:58 Fletching
OrcoDues
6:36 Loom
14:23 Feudal Age
21:56 Castle Age
21:00 Wheelbarrow
21:48 Double-Bit Axe
24:02 Stone Mining
24:03 Gold Mining
23:55 Horse Collar
$P4D1N0
13:19 Feudal Age
17:15 Castle Age
16:03 Double-Bit Axe
16:52 Town Watch
16:58 Horse Collar
19:02 Bow Saw
19:46 Loom
20:28 Fletching
21:47 Bodkin Arrow
Mr. Magnolia
5:56 Loom
13:25 Feudal Age
Connection lost

Rejoining the realm…

Still unreachable

The connection could not be restored.

Session expired

The server has moved on; the page needs a fresh start.